Cogmind - Beta 13 @@@ ROGUE MODE // 2024.04.07 @ 22:55:50 Player: Camoedine Result: Destroyed by Y-45 Defender with Heavy Assault Rifle Performance ------------- Evolutions (1) 500 Regions Visited (2) 400 Robots Destroyed (22) 110 Value Destroyed (539) 539 Prototype IDs (0) 0 Alien Tech Used (0) 0 Bonus (0) 0 TOTAL SCORE: 1549 Bonus ------- None Cogmind --------- Core Integrity 0/400 Matter 160/300 Energy 125/125 System Corruption 0% Temperature Cool (0) Movement Core (600) Ox11 Location -9/Materials Parts ------- > --- POWER (1) -------- Light Ion Engine > --- PROPULSION (4) --- (None) > --- UTILITY (2) ------ Medium Storage Unit Large Storage Unit > --- WEAPON (2) ------- Grenade Launcher > --- INVENTORY (15) --- Ion Engine Heat Sink High-capacity Matter Pod (200) Visual Processing Unit Sensor Array Medium Armor Plating Medium Armor Plating Peak State ------------ > --- POWER ------------ Ion Engine > --- PROPULSION ------- Improved Treads Improved Treads > --- UTILITY ---------- Large Storage Unit Sensor Array > --- WEAPON ----------- Small Laser Hammer > --- INVENTORY -------- Ion Engine Light Ion Engine Improved Treads Improved Treads Heat Sink Medium Storage Unit High-capacity Matter Pod Visual Processing Unit Sensor Array Medium Armor Plating Medium Armor Plating Grenade Launcher Grenade Launcher Grenade Launcher Grenade Launcher [Rating: 11] Favorites ----------- Power Ion Engine Engine Ion Engine Propulsion Aluminum Leg Treads Improved Treads Leg Aluminum Leg Wheel Wheel Utility Large Storage Unit Device Sensor Array Storage Large Storage Unit Weapon Hammer Energy Gun Small Laser Launcher Grenade Launcher Impact Weapon Hammer Build | -11 -10 -9 ------- Run | Yrd Mat Mat Slots Evolved 2 | . . 2 Power . | . . . Propulsion 2 | . . 2 Utility . | . . . Weapon . | . . . Parts Attached 34 | 6 18 10 Power 4 | 1 1 2 Engine 4 | 1 1 2 Core . | . . . Reactor . | . . . Propulsion 11 | 2 6 3 Treads 2 | . 2 . Leg 7 | . 4 3 Wheel 2 | 2 . . Hover . | . . . Flight . | . . . Utility 8 | 1 6 1 Device 3 | . 3 . Storage 5 | 1 3 1 Processor . | . . . Hackware . | . . . Protection . | . . . Artifact . | . . . Weapon 11 | 2 5 4 Energy Gun 4 | 2 2 . Energy Cannon . | . . . Ballistic Gun . | . . . Ballistic Cannon . | . . . Launcher 6 | . 2 4 Special Weapon . | . . . Impact Weapon 1 | . 1 . Slashing Weapon . | . . . Piercing Weapon . | . . . Special Melee Weapon . | . . . Unidentified Prototypes . | . . . Parts Lost 13 | . 1 12 Power 2 | . . 2 Propulsion 5 | . 1 4 Utility 1 | . . 1 Weapon 5 | . . 5 Highest Loss Streak 12 | . 1 12 To Critical Strikes . | . . . Average Slot Usage (%) 96 | . 98 86 Engine 13 | . 13 9 Treads 3 | . 3 . Leg 20 | . 17 36 Wheel 5 | . 6 . Device 12 | . 12 10 Storage 14 | . 14 11 Energy Gun 13 | . 14 8 Launcher 1 | . 1 1 Impact Weapon 10 | . 10 9 Naked Turns . | . . . Heaviest Build 36 | 13 32 36 Greatest Support 46 | 26 46 40 Greatest Overweight (x) 11 | . 10 11 Average Overweight (x) . | . . . Largest Inventory Capacity 15 | 8 15 15 Average Capacity 14 | 7 14 15 Most Carried 15 | 6 15 14 Average Carried 12 | 3 12 12 Final Capacity 15 | 8 15 15 Final Carried 15 | 3 15 7 Class Distribution -------------------- 100% | Mutant Dominant Class ---------------- Mutant | -10/Materials Mutant | -9/Materials Resources | -11 -10 -9 ----------- Run | Yrd Mat Mat Matter Collected 705 | 177 435 93 Remotely . | . . . Salvage Created 624 | . 520 104 Parts 25 | . 21 4 Haulers Intercepted . | . . . Recyclers Shooed . | . . . Parts Field Recycled . | . . . Retrieved Matter . | . . . Parts Self-Destructed . | . . . Prevented . | . . . Kills | -11 -10 -9 ------- Run | Yrd Mat Mat Combat Hostiles Destroyed 15 | . 12 3 Melee 2 | . 2 . Guns 3 | . 3 . AOE 4 | . 3 1 Classes Destroyed 6 | . 6 . Worker 2 | . 1 1 Builder 3 | . 3 . Recycler 1 | . 1 . Watcher 1 | . 1 . Swarmer 3 | . 3 . Grunt 12 | . 9 3 Best Kill Streak 5 | . 5 2 Combat Bots Only 3 | . 3 2 Max Kills in Single Turn 3 | . 3 1 Gunslinging . | . . . Exploded 1 | . 1 1 Melee 1 | . 1 . Uniques/NPCs Destroyed . | . . . Combat | -11 -10 -9 -------- Run | Yrd Mat Mat Hostile Shots Fired 164 | . 65 99 Missed 26 | . 9 17 Damage Taken 2044 | . 619 1425 Core 593 | . 188 405 Absorbed by Shields . | . . . Regen/Repaired (Parts) 85 | . 44 41 Core Remaining (%) 62 | 100 24 . Volleys Fired 54 | . 47 7 Largest 2 | . 2 1 Hottest 90 | . 90 30 Shots Fired 77 | . 70 7 Gun 63 | . 63 . Cannon . | . . . Launcher 14 | . 7 7 Special . | . . . Kinetic . | . . . Thermal 63 | . 63 . Explosive 14 | . 7 7 Electromagnetic . | . . . Robot Hit Streak 9 | . 9 6 Robot Miss Streak 4 | . 4 . Penetration Max . | . . . Secondary Targets . | . . . Shots Hit Robots 75 | . 52 23 Core Hits 32 | . 24 8 Critical Kills . | . . . Critical Parts Destroyed 6 | . 4 2 Critical Strikes 6 | . 4 2 Smash 6 | . 4 2 Melee Attacks 38 | . 15 23 Impact 38 | . 15 23 Slashing . | . . . Piercing . | . . . Sneak Attacks 2 | . 2 . Combat Hostiles . | . . . Follow-up Attacks . | . . . Damage Inflicted 2073 | . 1192 881 Guns 518 | . 518 . Cannons . | . . . Explosions 833 | . 366 467 Melee 722 | . 308 414 Ramming . | . . . Kinetic . | . . . Thermal 518 | . 518 . Explosive 833 | . 366 467 Electromagnetic . | . . . Impact 722 | . 308 414 Slashing . | . . . Piercing . | . . . Highest Corruption . | . . . Average Corruption . | . . . Corruption Purged . | . . . Corruption Blocked . | . . . Overload Shots . | . . . Overflow Damage 248 | . 165 83 Projectiles . | . . . Explosions 55 | . 41 14 Melee 193 | . 124 69 Knockbacks 2 | . 1 1 Impact 2 | . 1 1 Kinetic . | . . . Secondary . | . . . Self-Inflicted Damage 244 | . 29 215 Shots 8 | . 1 7 Rammed . | . . . Targets Rammed . | . . . Kicked . | . . . Crushed . | . . . Highest Temperature 480 | . 480 17 Average Temperature 160 | . 179 6 Received Heat Transfer 861 | . 243 618 Effects 7 | . 7 . Shutdowns 1 | . 1 . Energy Bleed 1 | . 1 . Interference 3 | . 3 . Matter Decay 1 | . 1 . Damage (minor) 1 | . 1 . Siege Activations . | . . . Robots Corrupted . | . . . Combat Hostiles . | . . . Parts Fried 12 | . 7 5 Impact Corruptions 9 | . 7 2 Robots Melted 1 | . 1 . Combat Hostiles 1 | . 1 . Parts Melted 2 | . 2 . Heat Transferred 1340 | . 1340 . Parts Sabotaged . | . . . Parts Stolen . | . . . Parts Stripped . | . . . Power Chain Reactions . | . . . Alert | -11 -10 -9 ------- Run | Yrd Mat Mat Peak Influence 190 | . 190 104 Initial 32 | . . 32 Average 74 | . 79 58 Maximum Alert Level . | . . . Low Security (%) 100 | 100 100 100 Level 1 . | . . . Level 2 . | . . . Level 3 . | . . . Level 4 . | . . . Level 5 . | . . . High Security . | . . . Max Security . | . . . Squads Dispatched 4 | . 3 1 Investigation 2 | . 1 1 Extermination . | . . . Reinforcement 2 | . 2 . Assault . | . . . Garrison . | . . . Intercept . | . . . Searches Triggered . | . . . Construction Impeded . | . . . Haulers Reinforced . | . . . Active Scanning Responses . | . . . Cargo Convoy Interrupts . | . . . Stealth | -11 -10 -9 --------- Run | Yrd Mat Mat Distress Signals 1 | . 1 . Communications Jammed . | . . . Distress Signals . | . . . Times Spotted 31 | . 26 5 Peak Tracking Total 4 | . 3 4 Tactical Retreats 4 | . 3 1 Traps | -11 -10 -9 ------- Run | Yrd Mat Mat Traps Triggered . | . . . Indirectly . | . . . Trap Hack Attempts . | . . . Triggered . | . . . Disarmed . | . . . Reprogrammed . | . . . Reused . | . . . Traps Extracted . | . . . Installed . | . . . Triggered . | . . . Machines | -11 -10 -9 ---------- Run | Yrd Mat Mat Machines Disabled 1 | . . 1 Max in Single Turn 1 | . . 1 Machines Repaired . | . . . Machines Dismantled . | . . . Machines Sabotaged . | . . . Overloaded Fab Kills . | . . . Hacking | -11 -10 -9 --------- Run | Yrd Mat Mat Machines Accessed 3 | . 2 1 Terminals 1 | . 1 . Fabricators . | . . . Repair Stations 2 | . 1 1 Recycling Units . | . . . Scanalyzers . | . . . Garrison Access . | . . . Total Hacks 9 | . 5 4 Successful 7 | . 4 3 Failed 2 | . 1 1 Catastrophic . | . . . Database Lockouts . | . . . Manual . | . . . Terminals 2 | . 2 . Fabricators . | . . . Repair Stations 7 | . 3 4 Recycling Units . | . . . Scanalyzers . | . . . Garrison Access . | . . . Terminal Hacks 1 | . 1 . Zone Layout 1 | . 1 . Fabricator Hacks . | . . . Repair Station Hacks 6 | . 3 3 Scan Component 4 | . 2 2 Repair 2 | . 1 1 Recycling Unit Hacks . | . . . Scanalyzer . | . . . Garrison Access Hacks . | . . . Unauthorized Hacks . | . . . Terminals . | . . . Fabricators . | . . . Repair Stations . | . . . Recycling Units . | . . . Scanalyzers . | . . . Garrison Access . | . . . Data Cores Recovered . | . . . Used . | . . . Hacking Detections 3 | . 2 1 Full Trace Events 2 | . 1 1 Feedback Events . | . . . Feedback Blocked . | . . . Robot Schematics Acquired . | . . . Robots Built . | . . . Authchips . | . . . Time . | . . . Total Robot Build Rating . | . . . Part Schematics Acquired . | . . . Parts Built . | . . . Authchips . | . . . Time . | . . . Total Part Build Rating . | . . . Parts Repaired 2 | . 1 1 Time 52 | . 26 26 Parts Recycled . | . . . Recycled Matter . | . . . Retrieved Matter . | . . . Retrieved Components . | . . . Parts Scanalyzed . | . . . Part Schematics Acquired . | . . . Parts Damaged . | . . . Bothacking | -11 -10 -9 ------------ Run | Yrd Mat Mat Used RIF Installer . | . . . Robots Hacked . | . . . Non-combat . | . . . Combat . | . . . Robot Hacks Applied . | . . . Relay Couplers Released . | . . . Fabnet Peak Effective % . | . . . Robots Rewired . | . . . Allies Hacked . | . . . Hacks Repelled . | . . . Allies | -11 -10 -9 -------- Run | Yrd Mat Mat Total Allies . | . . . Largest Group . | . . . Highest-Rated Group . | . . . Highest-Rated Ally . | . . . Total Orders . | . . . Ally Attacks . | . . . Total Damage . | . . . Kills . | . . . Allies Corrupted . | . . . Allies Melted . | . . . Intel | -11 -10 -9 ------- Run | Yrd Mat Mat Robot Analysis Total . | . . . Derelict Logs Recovered . | . . . Drone Launches . | . . . Drone Recoveries . | . . . Exploration | -11 -10 -9 ------------- Run | Yrd Mat Mat Turns Passed 2076 | 55 1730 291 Spaces Moved 906 | 45 797 64 Core 9 | 3 3 3 Treads 125 | . 125 . Legs 521 | . 460 61 Wheels 251 | 42 209 . Hover . | . . . Flight . | . . . Fastest Speed 50 | 50 90 120 Average Speed 159 | 88 164 147 Slowest Speed 600 | 100 550 600 Overloaded Moves . | . . . Propulsion Burnouts . | . . . Robots Hopped . | . . . Cave-ins Triggered . | . . . Exploration Rate (%) 33 | 3 85 11 Regions Visited 2 Branch Regions . Pre-discovered Areas . | . . . Known Exits Taken . | . . . Unknown Exits Taken 2 | 1 1 . Scrap Searched . | . . . Spaces Dug 3 | . 1 2 Terrain Destroyed 82 | . 40 42 Melee 3 | . 1 2 Projectile . | . . . AOE 79 | . 39 40 Terrain Rammed . | . . . Walls Destroyed . | . . . Machines Disabled . | . . . Actions | -11 -10 -9 --------- Run | Yrd Mat Mat Total 1396 | 59 1124 213 Wait 309 | . 202 107 Move 904 | 44 796 64 Hop . | . . . Pick Up 40 | 9 29 2 Fast Attach 2 | . 2 . Attach 25 | 6 9 10 Detach 1 | . 1 . Swap 7 | . 7 . Drop 16 | . 16 . Fire 54 | . 47 7 Melee 38 | . 15 23 Ram . | . . . Kick . | . . . Crush . | . . . Escape Stasis . | . . . Rewire . | . . . Trap . | . . . Miscellaneous . | . . . Route ------- -11/Scrapyard -10/Materials (discovered 3 exits: *Mat x2 / [*Min]) -9/Materials History --------- Turn | Location | Event 10 | -11/Scrapyard | Discovered new exit (range 16) 56 | -11/Scrapyard | Entered Materials 309 | -10/Materials | Build established: Mutant 347 | -10/Materials | Repaired Ion Engine 510 | -10/Materials | Core integrity fell below 50% 936 | -10/Materials | Discovered new exit (range 5) 1049 | -10/Materials | Discovered new exit (range 10) 1333 | -10/Materials | Discovered new exit (range 14) 1786 | -10/Materials | Entered another Materials area 1786 | -9/Materials | Evolved 2 slots: Propulsion x2 1824 | -9/Materials | Repaired Aluminum Leg 2047 | -9/Materials | Core integrity fell below 50% 2060 | -9/Materials | Core integrity fell below 20% 2077 | -9/Materials | Destroyed by Y-45 Defender with Heavy Assault Rifle Last Messages --------------- 02053_ Critical hit (Burn: +37). 02054_ Destroyed Heat Sink. 02055_ Critical hit (Burn: +37). 02056_ Sensor Array destroyed. 02056_ Destroyed Sml. Laser. 02058_ G-47 Trooper destroyed. 02060_ K-01 Serf destroyed. 02062_ Grenade Launcher destroyed. 02062_ U-05 Engineer lays Concrete. 02064_ U-05 Engineer builds a Wall. 02068_ U-05 Engineer lays Concrete. 02069_ U-05 Engineer builds a Wall. 02071_ The unstable cave ceiling collapses. 02071_ Critical hit (Burn: +37). 02071_ Acquired 11 matter. 02072_ R-06 Scavenger collects Wheel. 02074_ U-05 Engineer builds a Door. 02075_ U-05 Engineer builds a Wall. 02075_ R-06 Scavenger collects Wheel. 02076_ U-05 Engineer builds a Wall. Map ----- +----------------------------------------------------+ | | | ??????????????????????????????????????????? | | ?????????????????##########???????????????? | | ?????????????????# #???????????????? | | ?????????????????# """ #???????????????? | | ?????????????????# """ #???????????????? | | ?????????????????# """ #???????????????? | | ?????????????????# #???????????????? | | ?????????????????# " " #???????????????? | | ?????????????????# "R" #???????????????? | | ?????????????????# """ #???????????????? | | ?????????????????# #???????????????? | | ?????????????????#####+########+#######???? | | ??????????????????# ?? | | ??????????????????# #????????? | | ??????????????????# #????????? | | ??????????????????###########+#####???????? | | ????????????????????????# ######### | | ????????????????????????# # | | ??????????????#########?# + """ | | ??????????????# #?# =# """ | | ?????????????## ############# """ [ | | ?????????????# """ """ # | | ??????????????# # Y """ """ # """ | | ??????????####### """ """ # """ | | ??? ru*@ # """ | | ??? ] ####% # | | ??? ?"" #######+#########+### | | ???! ? ? T" # #???????????????????? | | ????#??? ""## ??????????????????? | | ??????? """ ##?# ?????????????????? | | ?????# ???" ???# ##????????????????? | | ?????#????? ????# ?#?????????????????? | | ????????????????# #??????????????????? | | ???????????????? #??????????????????? | | ???????????????? #??????????????????? | | ????????????????# ##+#??????????????????? | | ????????????????#####?????????????????????? | | ??????????????????????????????????????????? | | ??????????????????????????????????????????? | | ??????????????????????????????????????????? | | ??????????????????????????????????????????? | | ??????????????????????????????????????????? | | ??????????????????????????????????????????? | | ??????????????????????????????????????????? | | ??????????????????????????????????????????? | | ??????????????????????????????????????????? | | ??????????????????????????????????????????? | | ??????????????????????????????????????????? | | ??????????????????????????????????????????? | +----------------------------------------------------+ Best States ------------- Heat Dissipation 35 Energy Generation 12 Energy Capacity 265 Matter Stores 300 Matter Capacity 500 Sight Range 16 Robot Scan Range 14 Terrain Scan Density 10 Evasion (%) 55 Recoil Reduction 2 Item Schematics ----------------- None Robot Schematics ------------------ None Fabricated ------------ Nothing Alien Tech Used ----------------- None Achievements -------------- None Challenges ------------ None Game ------ Seed PhysicsCarbideMagmablaster Manual? 0 Play Time 00:20:05 Cumulative 11.3 hours Start 2024.04.07 @ 22:38:29 End 2024.04.07 @ 22:55:50 Sessions 1 Manual Loads 0 Difficulty Rogue Special Mode None Game No. 20 Rogue 20 Adventurer 0 Explorer 0 Win Type - Total 0 Types 0/0/0/0/0/0/0/0/0 Lore% 8 Gallery% 16 Achievement% 16 Wizard Run 0 Options --------- Layout 0 ASCII 0 Keyboard 0 Movement Mouse Keybinds 0 Fullscreen 2 Font 24/X11 Map View 76x50 Zoom Use 0% Tactical HUD 1 Map Filters NONE Filters NONE Steam 1 RUN: d0f86d69-f5ce-4889-af10-0569fe4ca8b3